 Dungeon Crawl Stone Soup version 0.27.1-4-g1640c2035a (webtiles) character file.

Game seed: 15814585894509906582

179 styxcanada the Covert (level 5, -1/26 HPs)
             Began as a Spriggan Brigand on Nov 3, 2021.
             Slain by a bullfrog (5 damage)
             ... in a sewer on Nov 4, 2021.
             The game lasted 00:14:37 (3158 turns).

styxcanada the Covert (Spriggan Brigand)            Turns: 3158, Time: 00:14:38

Health: -1/26      AC:  4    Str:  7    XL:     5   Next: 32%
Magic:  16/16      EV: 17    Int: 12    God:
Gold:   81         SH:  0    Dex: 18    Spells: 4/6 levels left

rFire    . . .     SeeInvis +   l - +1 short sword (speed)
rCold    . . .     Faith    .   (shield restricted)
rNeg     . . .     Spirit   .   b - +0 robe
rPois    .         Reflect  .   (helmet restricted)
rElec    .         Harm     .   c - +1 cloak
rCorr    .         Rampage  .   (gloves unavailable)
Will     .....                  (boots unavailable)
Stlth    ++++......             (no amulet)
HPRegen  0.08/turn              r - ring of magical power
MPRegen  0.15/turn              (no ring)

@: very quick
A: very small, no large weapons, unfitting armour, see invisible, speed 3
a: no special abilities


You were in a sewer.
You visited 1 branch of the dungeon, and saw 3 of its levels.
You also visited: Sewer.

You collected 154 gold pieces.
You spent 73 gold pieces at shops.

Inventory:

Hand Weapons
 a - a +2 dagger
 i - a +0 hunting sling
 l - a +1 short sword of speed (weapon)
Missiles
 d - 6 poisoned darts
 e - a curare-tipped dart (quivered)
 g - 30 stones
Armour
 b - a +0 robe (worn)
 c - a +1 cloak (worn)
Jewellery
 h - a ring of ice
 r - a ring of magical power (left hand)
Scrolls
 f - a scroll of enchant armour
Potions
 j - a potion of mutation
 m - a potion of lignification
 o - a potion of brilliance


   Skills:
 * Level 2.1 Fighting
 + Level 3.2 Short Blades
 + Level 2.2 Throwing
 * Level 2.3 Dodging
 * Level 8.1 Stealth
 * Level 1.1 Spellcasting
 * Level 1.0 Hexes


You had 4 spell levels left.
You knew the following spells:

 Your Spells              Type           Power      Damage    Failure   Level
a - Slow                  Hex            3%         N/A       28%         2

Your spell library contained the following spells:

 Spells                   Type           Power      Damage    Failure   Level
 Sandblast                Erth           0%         2d4       30%         1
 Passwall                 Tmut/Erth      0%         N/A       41%         2
 Confusing Touch          Hex            3%         N/A       50%         3
 Stone Arrow              Conj/Erth      0%         3d7       65%         3
 Vampiric Draining        Necr           0%         2d6       65%         3
 Animate Armour           Summ/Erth      0%         N/A       96%         4
 Lee's Rapid Deconstruct  Erth           0%         3d5*      100%        5
 Lehudib's Crystal Spear  Conj/Erth      0%         10d2      100%        8


Dungeon Overview and Level Annotations

Branches:
Dungeon (3/15)              Sewer (1/1)

Altars:

Shops:
D:1 ?:*

Annotations:
D:3 Grinder


Innate Abilities, Weirdness & Mutations

You are very small and have problems with some larger weapons.
You are too small for most types of armour.
You have supernaturally acute eyesight. (SInv)
You cover ground extremely quickly. (Speed+++)


Message History

You have reached level 5!
You feel agile.
You hit the bullfrog.
The bullfrog is lightly wounded.
The bullfrog completely misses you.
You hit the bullfrog but do no damage.
The bullfrog is lightly wounded.
The bullfrog barely misses you.
You closely miss the bullfrog.
The bullfrog is lightly wounded.
The bullfrog hits you.
You barely miss the bullfrog.
The bullfrog is lightly wounded.
The bullfrog misses you.
You closely miss the bullfrog.
The bullfrog is lightly wounded.
The bullfrog barely misses you.
You miss the bullfrog.
The bullfrog is lightly wounded.
You hit the bullfrog but do no damage.
The bullfrog is lightly wounded.
The bullfrog closely misses you.
You hit the bullfrog.
The bullfrog is heavily wounded.
The bullfrog completely misses you.
You hit the bullfrog.
The bullfrog is heavily wounded.
The bullfrog hits you.
You hit the bullfrog.
The bullfrog is heavily wounded.
The bullfrog hits you.
* * * LOW HITPOINT WARNING * * *
You hit the bullfrog.
The bullfrog is severely wounded.
The bullfrog hits you.
* * * LOW HITPOINT WARNING * * *
You hit the bullfrog but do no damage.
The bullfrog is severely wounded.
The bullfrog hits you.
You die...

≈≈≈.# ### #.≈≈≈.# ≈≈≈≈#
####≈≈≈≈≈≈#### #≈≈≈≈.# ≈≈≈≈#
##≈≈≈≈≈≈≈≈≈≈≈≈####≈≈≈≈.# ≈≈≈≈#
#≈≈≈≈≈≈≈≈≈≈≈≈≈≈≈##≈≈≈≈≈# ≈≈≈.#
≈≈≈≈≈≈≈≈≈≈≈.∩≈≈≈≈#≈≈≈≈≈# ≈≈≈≈#
≈≈≈≈≈≈..≈≈≈..≈≈≈≈≈≈≈≈≈≈# ≈≈≈.#
#≈≈≈≈≈≈..[.≈.≈≈≈≈≈≈≈≈≈≈≈≈# ≈≈≈≈#
#≈≈≈≈≈≈.?F(≈≈.≈≈≈≈≈≈≈≈≈≈≈# ≈≈≈≈#
#≈≈≈≈≈≈≈≈@≈≈≈.≈≈≈≈≈≈≈≈≈≈≈# ≈≈≈.#
#≈≈≈≈≈≈≈≈≈≈≈≈≈≈≈≈≈≈≈≈≈≈≈≈# ≈≈≈.#
#≈≈≈≈≈≈≈≈≈≈≈≈≈≈≈≈≈≈≈≈≈≈≈# ≈≈≈.#
#≈≈≈≈≈≈≈≈≈≈≈≈≈≈≈≈≈≈†≈≈≈≈#
≈≈≈≈#######≈≈≈≈≈≈≈≈≈≈≈≈≈≈≈≈.≈≈≈.#
≈≈≈≈≈..........≈≈≈≈≈≈≈≈≈≈..≈≈≈≈.#
≈≈≈≈≈≈≈≈≈≈≈≈≈≈≈≈≈≈≈≈≈≈≈≈≈≈≈≈≈≈≈.#
≈≈≈≈≈≈≈≈≈≈≈≈≈≈≈≈≈≈≈≈≈≈≈≈≈≈≈≈≈≈≈.#
≈≈≈≈≈≈≈≈≈≈≈≈≈≈≈≈≈≈≈≈≈≈≈≈≈≈≈≈≈≈..#


You could see a bullfrog.

Vanquished Creatures
  A bullfrog (Sewer)
  Terence (D:2)
  2 adders (Sewer)
  2 worms
  4 dart slugs
  A bat (D:1)
  3 endoplasms
  9 giant cockroaches
  5 goblins
  6 hobgoblins
  2 kobolds
  3 quokkas
  6 ball pythons
  9 frilled lizards
  5 rats
59 creatures vanquished.

Notes
Turn   | Place    | Note
-------+----------+-------------------------------------------
     0 | D:1      | styxcanada the Spriggan Brigand began the quest for the
                  | Orb.
     0 | D:1      | Reached XP level 1. HP: 10/10 MP: 2/2
    31 | D:1      | Reached skill level 6 in Stealth
    34 | D:1      | Found Fehed's Book Boutique.
    47 | D:1      | Found Ytoec's Assorted Antiques.
   218 | D:1      | Reached XP level 2. HP: 15/15 MP: 3/3
   640 | D:1      | Found Tunlaere's Magic Scroll Shoppe.
   649 | D:1      | Bought a scroll of identify for 28 gold pieces
  1019 | D:1      | Bought a scroll labelled KISCHOB JACHA for 15 gold pieces
  1019 | D:1      | Bought a scroll labelled ELUXEBR LIJAG for 15 gold pieces
  1019 | D:1      | Bought a scroll labelled JUROFRU SAUTOM for 15 gold pieces
  1191 | D:2      | Noticed Terence
  1194 | D:2      | Killed Terence
  1195 | D:2      | Reached skill level 7 in Stealth
  1195 | D:2      | Reached XP level 3. HP: 18/18 MP: 4/4
  1297 | D:2      | Learned a level 2 spell: Slow
  1815 | D:2      | Reached XP level 4. HP: 23/23 MP: 5/5
  1987 | D:3      | Noticed Grinder
  2190 | D:3      | Found a glowing drain.
  2201 | Sewer    | Entered a sewer
  2400 | Sewer    | HP: 1/23 [frilled lizard (2)]
  3132 | Sewer    | Noticed a bullfrog
  3132 | Sewer    | Noticed a bullfrog
  3146 | Sewer    | Killed a bullfrog
  3147 | Sewer    | Reached skill level 8 in Stealth
  3147 | Sewer    | Reached skill level 1 in Spellcasting
  3147 | Sewer    | Reached skill level 1 in Hexes
  3147 | Sewer    | Reached XP level 5. HP: 11/26 MP: 7/7
  3158 | Sewer    | Slain by a bullfrog

Illustrated notes

Levels and vault maps discovered:
D:1:      dpeg_arrival_tiny_i, layout_basic, serial_shops, shop,
          nicolae_shop_statue_plus, shop
D:2:      layout_loops_ring, uniq_terence
D:3:      layout_loops_ring, nicolae_dithmenos_through_a_glass_darkly,
          gammafunk_ghost_nasty_kobolds, basic_ecumenical_altar,
          cheibrodos_sewer_entry_sluice, uniq_grinder
Sewer:    sewer_frog_island_01

Skill      XL: |  1  2  3  4 |
---------------+-------------+-----
Stealth        | 6 7 8 |  8.1
Dodging        | 2 |  2.3
Fighting       | 2 |  2.1
Short Blades   | 3 |  3.2
Spellcasting   | 1 |  1.1
Hexes          | 1 |  1.0
Throwing       | |  2.2

Action                   |  1- 3 |  4- 6 || total
-------------------------+-------+-------++-------
Melee: Dagger            |    68 |       ||    68
       Short sword       |     5 |    93 ||    98
       Unarmed           |       |     5 ||     5
Throw: Dart              |    17 |    16 ||    33
  Use: Scroll            |     8 |     3 ||    11
 Stab: Sleeping          |     9 |     4 ||    13
       Distracted        |     1 |     1 ||     2
Armor: Robe              |     5 |     9 ||    14
       Skin              |       |     1 ||     1
Dodge: Dodged            |    33 |    60 ||    93
